 Dungeon Crawl Stone Soup version 0.29-a0-369-gd956c00756 (webtiles) character file.

Game seed: 4337028980995670714

1666 Antichthon the Cudgeller (level 9, -1/54 HPs)
             Began as a Gargoyle Fighter on May 2, 2022.
             Was an Initiate of the Shining One.
             Slain by an orc warrior
             ... wielding a +0 war axe
              (11 damage)
             ... on level 6 of the Dungeon.
             The game lasted 00:09:17 (6351 turns).

Antichthon the Cudgeller (Gargoyle Fighter)         Turns: 6351, Time: 00:09:18

Health: -1/54      AC: 26    Str: 27    XL:     9   Next: 1%
Magic:  11/11      EV:  5    Int: 12    God:    the Shining One [......]
Gold:   355        SH:  5    Dex: 15    Spells: 8/8 levels left

rFire   . . .      SeeInvis .   a - +0 morningstar
rCold   . . .      Faith    .   c - +0 buckler
rNeg    + . .      Spirit   .   m - +0 crystal plate armour
rPois   ∞          Reflect  .   (no helmet)
rElec   +          Harm     .   w - +0 cloak
rCorr   .          Rampage  .   (no gloves)
Will    .....                   f - +0 pair of boots
Stlth   ..........              (no amulet)
HPRegen 0.18/turn               i - +6 ring of strength
MPRegen 0.12/turn               r - +6 ring of dexterity

@: glowing
A: sickness immunity, AC +6, negative energy resistance 1, electricity
resistance, torment resistance 1, petrification resistance
a: Renounce Religion


You were on level 6 of the Dungeon.
You worshipped the Shining One.
The Shining One was noncommittal.
You visited 2 branches of the dungeon, and saw 7 of its levels.
You also visited: Sewer.

You collected 355 gold pieces.

Inventory:

Hand Weapons
 a - a +0 morningstar (weapon)
Armour
 c - a +0 buckler (worn)
 f - a +0 pair of boots (worn)
 m - a +0 crystal plate armour (worn)
 w - a +0 cloak (worn)
Jewellery
 i - a +6 ring of strength (left hand)
 r - a +6 ring of dexterity (right hand)
Wands
 b - a wand of iceblast (10)
 j - a wand of polymorph (10)
 q - a wand of paralysis (27)
Scrolls
 e - a scroll of fog
 p - a scroll of vulnerability
 s - a scroll of teleportation
 t - a scroll of blinking
 v - a scroll of amnesia
Potions
 d - 5 potions of might
 g - a potion of invisibility
 h - a potion of heal wounds
 k - a potion of brilliance
 l - a potion of mutation {unknown}
 n - a potion of curing {unknown}
 o - a potion of attraction {unknown}
 u - a potion of haste {unknown}


   Skills:
 * Level 5.2 Fighting
 * Level 7.2 Maces & Flails
 * Level 6.0 Armour
 * Level 2.5 Dodging
 * Level 5.3 Shields
 * Level 3.6 Invocations


You had 8 spell levels left.
You didn't know any spells.
Your spell library was empty.

Dungeon Overview and Level Annotations

Branches:
Dungeon (6/15)             Temple (1/1) D:6           Sewer (visited)

Altars:
Ashenzari
Cheibriados
Dithmenos
Elyvilon
Fedhas
Gozag
Hepliaklqana
Kikubaaqudgha
Makhleb
Nemelex Xobeh
Okawaru
Qazlal
Ru
Sif Muna
Trog
Uskayaw
Vehumet
Wu Jian
Xom
Yredelemnul
Zin
The Shining One

Annotations:
D:4 3 runed translucent doors, Pooter's ghost, amateur MiHu


Innate Abilities, Weirdness & Mutations

You are immune to sickness and miasma.
Your stone body is resilient. (AC +6)
You are immune to poison.
You resist negative energy. (rN+)
You are resistant to electric shocks. (rElec)
You are resistant to unholy torment.
You are immune to petrification.


Message History

There are monsters nearby!
The orc throws a boomerang.
The boomerang hits you but does no damage.
Found an escape hatch in the ceiling.
The orc priest mumbles some strange prayers to Beogh against you.
Beogh smites you!
The orc priest hits you with a +0 trident.
You barely miss the orc priest.
The orc priest invokes the aid of Beogh against you.
You struggle to resist.
The orc priest begins to cast a cantrip, but forgets the words!
You hit the orc warrior but do no damage.
The orc priest barely misses you.
You completely miss the orc warrior. You block the orc priest's attack.
The orc hits you but does no damage.
The orc priest hits you with a +0 trident.
The orc warrior hits you with a +0 war axe!
Unknown command.
You barely miss the orc priest. The orc barely misses you.
The orc warrior hits you with a +0 war axe!
Unknown command.
You puncture the orc priest!
The orc priest is almost dead.
The orc closely misses you. The orc warrior completely misses you.
The orc priest barely misses you.
The orc priest hits you but does no damage.
Unknown command.
You closely miss the orc priest.
The orc priest is almost dead.
The orc barely misses you.
The orc warrior hits you but does no damage.
The orc priest hits you but does no damage.
The orc priest mumbles some strange prayers to Beogh against you.
Pain shoots through your body!
The orc priest hits you but does no damage.
The orc priest mumbles some strange prayers to Beogh against you.
Beogh smites you!
* * * LOW HITPOINT WARNING * * *
The orc warrior hits you with a +0 war axe!
You die...

.#...###..##..#.#..##..#
####..##.....##.##.....#
##.......##...##....#
###........>.......#
#.....##)..##....#
#######......##.##.....#
.....##...##..#.#..##..#
.....##.... #...o.##...#
............##.o@## .#.#
.....##......#.oo# ..
.................. ###
...... .<.......# .....#
.......... ......
........... .....#
........... .....
...........# .....


You could see an orc warrior, 2 orc priests and an orc.

Vanquished Creatures
  Sigmund (D:3)
  A shadow (D:5)
  Menkaure (D:4)
  An ogre (D:6)
  2 centaurs (D:6)
  A phantom (D:6)
  A bullfrog (D:6)
  A necrophage (D:5)
  3 scorpions
  A howler monkey (D:5)
  An orc priest (D:4)
  2 hounds (D:6)
  Crazy Yiuf (D:5)
  2 iguanas
  An orc wizard (D:4)
  4 gnolls (D:3)
  16 adders
  6 river rats
  A shadow imp (D:4)
  An ufetubus (D:6)
  2 dart slugs
  6 worms
  12 orcs
  9 ball pythons
  3 bats
  8 endoplasms
  5 giant cockroaches
  7 goblins
  7 hobgoblins
  6 jackals
  8 kobolds
  5 quokkas
  3 frilled lizards
  12 rats
141 creatures vanquished.

Notes
Turn   | Place    | Note
-------+----------+-------------------------------------------
     0 | D:1      | Antichthon the Gargoyle Fighter began the quest for the
                  | Orb.
     0 | D:1      | Reached XP level 1. HP: 14/14 MP: 1/1
   300 | D:1      | Reached XP level 2. HP: 19/19 MP: 2/2
   459 | D:1      | You fall into a shaft and drop 1 floor!
   459 | D:2      | Noticed a scorpion
   482 | D:1      | Killed a scorpion
   483 | D:1      | Reached skill level 1 in Invocations
   483 | D:1      | Reached XP level 3. HP: 2/24 MP: 3/3
   483 | D:1      | Reached XP level 4. HP: 3/29 MP: 4/4
  1593 | D:2      | Reached XP level 5. HP: 33/33 MP: 5/5
  1685 | D:2      | Reached skill level 3 in Maces & Flails
  1985 | D:2      | Reached skill level 1 in Dodging
  2215 | D:3      | Found a faded altar of an unknown god.
  2253 | D:3      | Noticed Sigmund
  2280 | D:3      | Killed Sigmund
  2281 | D:3      | Reached skill level 4 in Maces & Flails
  2281 | D:3      | Reached XP level 6. HP: 4/38 MP: 7/7
  2586 | D:3      | Found a glowing drain.
  2696 | Sewer    | Entered a sewer
  2909 | Sewer    | Reached XP level 7. HP: 39/43 MP: 8/8
  4083 | D:4      | Found a runed translucent gate.
  4083 | D:4      | Found a runed translucent gate.
  4083 | D:4      | Found a runed translucent gate.
  4084 | D:4      | Noticed Pooter's ghost (amateur MiHu)
  4202 | D:4      | Reached skill level 5 in Maces & Flails
  4695 | D:4      | Reached skill level 5 in Armour
  4823 | D:5      | Entered Level 5 of the Dungeon
  4829 | D:5      | Noticed a shadow
  4883 | D:4      | Noticed Menkaure
  5130 | D:4      | Killed Menkaure
  5131 | D:4      | Reached XP level 8. HP: 42/48 MP: 8/10
  5142 | D:5      | Killed a shadow
  5143 | D:5      | Reached skill level 6 in Maces & Flails
  5762 | D:5      | Found a runed translucent door.
  5906 | D:5      | Noticed Crazy Yiuf
  5915 | D:5      | Killed Crazy Yiuf
  5999 | D:6      | Reached skill level 5 in Shields
  6026 | D:6      | Reached skill level 5 in Fighting
  6029 | D:6      | Found a blossoming altar of Fedhas.
  6129 | D:6      | Reached skill level 7 in Maces & Flails
  6246 | D:6      | Found a staircase to the Ecumenical Temple.
  6255 | Temple   | Entered the Ecumenical Temple
  6296 | Temple   | Became a worshipper of the Shining One
  6315 | D:6      | Reached XP level 9. HP: 54/54 MP: 11/11
  6351 | D:6      | Slain by an orc warrior

Illustrated notes

Levels and vault maps discovered:
D:1:      spicycebolla_arrival_xxxplode, layout_loops_ring, nrook_mini_vaults
D:2:      layout_rooms
D:3:      layout_loops_ring, ebering_ecumenical_altar_ruins,
          lightli_sewer_entry_pipes, uniq_sigmund
D:4:      layout_rooms, gammafunk_ghost_split, uniq_menkaure
D:5:      layout_basic, nicolae_underground_beach, uniq_crazy_yiuf_cottage
D:6:      layout_rooms, fedhas_bush_and_centaur_altar,
          minmay_temple_entry_waves, nicolae_figureground_pulse
Temple:   nicolae_temple_the_god_donut

Skill      XL: |  1  2  3  4  5  6  7  8 |
---------------+-------------------------+-----
Invocations    | 1 2 3 |  3.6
Armour         | 4 5 6 |  6.0
Shields        | 4 5 |  5.3
Maces & Flails | 4 5 7 |  7.2
Dodging        | 1 2 |  2.5
Fighting       | 4 5 |  5.2

Action                   |  1- 3 |  4- 6 |  7- 9 || total
-------------------------+-------+-------+-------++-------
Melee: Flail             |    42 |   225 |   249 ||   516
       Unarmed           |       |    16 |       ||    16
       Morningstar       |       |       |    72 ||    72
  Use: Scroll            |     1 |     4 |     7 ||    12
Armor: Scale mail        |    29 |   141 |    35 ||   205
       Skin              |       |     4 |       ||     4
       Crystal plate arm |       |       |   250 ||   250
Dodge: Dodged            |    24 |   122 |    79 ||   225
Block: Buckler           |    16 |    49 |    76 ||   141

Table legend: (Time is in decaauts)
 A = Elapsed time spent in this place.
 B = Non-inter-level travel time spent in this place.
 C = Inter-level travel time spent in this place.
 D = Time resting spent in this place.
 E = Time spent auto-exploring this place.
 F = Levels seen in this place.
 G = Mean time per level.
                   A        B        C        D        E       F      G
               +--------+--------+--------+--------+--------+-----+--------+
         Total |   6618 |   6402 |    216 |    671 |   3970 |   8 |  827.2 |
       Dungeon |   5933 |   5730 |    203 |    671 |   3582 |   6 |  988.8 |
        Temple |     54 |     41 |     13 |      0 |     22 |   1 |   54.0 |
         Sewer |    629 |    629 |      0 |      0 |    366 |   1 |  629.0 |
               +--------+--------+--------+--------+--------+-----+--------+

Top non-repeatable levels by time:
     D:3: 1651 daAuts
     D:1: 1602 daAuts
     D:4: 885 daAuts
     D:5: 860 daAuts
   Sewer: 629 daAuts
     D:2: 592 daAuts
     D:6: 342 daAuts
  Temple: 54 daAuts
